 Dungeon Crawl Stone Soup version 0.31-a0-188-g5e087ee2ca (webtiles) character file.

Game seed: 1881328815817094041

134 qw the Skirmisher (level 4, 0/25 HPs)
             Began as a Deep Elf Hunter on June 22, 2023.
             Succumbed to a gnoll's poison
             ... on level 3 of the Dungeon.
             The game lasted 00:00:48 (1980 turns).

qw the Skirmisher (Deep Elf Hunter)                 Turns: 1980, Time: 00:00:49

Health: 0/25       AC:  7    Str: 10    XL:     4   Next: 95%
Magic:  6/6        EV: 12    Int: 14    God:
Gold:   111        SH:  0    Dex: 18    Spells: 3/3 levels left

rFire   . . .        Y - +1 shortbow
rCold   . . .        (shield currently unavailable)
rNeg    . . .        c - +0 leather armour
rPois   .            (no helmet)
rElec   .            (no cloak)
rCorr   .            m - +0 pair of gloves
SInv    .            i - +2 pair of boots {Stlth+}
Will    .....        (no amulet)
Stlth   +++          (no ring)
HPRegen 0.24/turn    (no ring)
MPRegen 0.10/turn

%: no passive effects
@: lethally poisoned (0 -> -8)
A: no striking features
a: no special abilities


You were on level 3 of the Dungeon.
You visited 1 branch of the dungeon, and saw 3 of its levels.

You collected 111 gold pieces.


   Skills:
 - Level 1.5 Fighting
 + Level 8.3 Ranged Weapons
 - Level 2.4 Dodging
 - Level 1.2 Stealth


You had 3 spell levels left.
You didn't know any spells.
Your spell library was empty.

Inventory:

Hand Weapons
 Y - a +1 shortbow (weapon)
Armour
 a - a +0 ring mail
 c - a +0 leather armour (worn)
 d - a +0 helmet
 i - a +2 pair of boots of stealth (worn)
 m - a +0 pair of gloves (worn)
Scrolls
 k - a scroll of enchant armour {unknown}
 o - a scroll of vulnerability {unknown}
Potions
 b - 2 potions of curing
 e - a potion of resistance {unknown}
 f - a potion of enlightenment
 g - 3 potions of haste
 h - a potion of heal wounds {unknown}
 j - 2 potions of attraction {unknown}
 l - a potion of mutation {unknown}
 n - a potion of might {unknown}
 p - a potion of lignification {unknown}

Dungeon Overview and Level Annotations

Branches:
Dungeon (3/15)

Altars:
Fedhas

Shops:
D:1 =

Annotations:
D:2 1 runed translucent door, Crazy Yiuf


Message History

The gnoll is moderately wounded.
You hear a shout! x2
A gnoll comes into view. It is wielding a +0 spear.
You shoot an arrow. The gnoll shouts!
The arrow hits the gnoll!
You kill the gnoll!
A gnoll comes into view. It is wielding a +0 halberd.
A gnoll comes into view. It is wielding a +1 spear of venom.
You shoot an arrow. The arrow hits the gnoll.
The gnoll is heavily wounded.
You shoot an arrow.
The arrow hits the gnoll but does no damage.
The gnoll is heavily wounded.
You shoot an arrow. The arrow completely misses the gnoll.
You shoot an arrow. The arrow hits the gnoll.
The gnoll is severely wounded.
The gnoll closely misses you.
You shoot an arrow. The arrow hits the gnoll.
The gnoll is almost dead.
The gnoll closely misses you.
The gnoll hits you from afar with a +0 spear!
You shoot an arrow. The arrow hits the gnoll!
You kill the gnoll!
The gnoll barely misses you.
You shoot an arrow. The arrow closely misses the gnoll.
The gnoll hits you from afar with a +0 halberd!
The gnoll hits you from afar with a +1 spear of venom.
You are lethally poisoned!
You shoot an arrow. The arrow closely misses the gnoll.
You feel sick. The gnoll closely misses you. The gnoll barely misses you.
You shoot an arrow. The arrow hits the gnoll.
The gnoll is lightly wounded.
You feel sick. The gnoll closely misses you.
The gnoll hits you but does no damage.
You are more poisoned.
You shoot an arrow. The arrow completely misses the gnoll.
You feel sick. The gnoll closely misses you. The gnoll completely misses you.
You shoot an arrow. The arrow completely misses the gnoll.
You die...

.........# .#######.# .#
#.# .#######.########
.##.............#
'##............)#
................# .
......##........####....
................@.g...).
.....#..........##g##...
.....#..........##....
.....###./..##.........
.................%......
....................)..#
..............#####....#
.....####.##### ....
.....## #.#...# #######


You could see 2 gnolls.

Vanquished Creatures
  2 gnolls (D:3)
  6 adders
  A dart slug (D:3)
  3 ball pythons
  5 endoplasms
  3 goblins
  3 hobgoblins
  8 jackals
  4 quokkas
  7 bats
  3 frilled lizards
  7 kobolds
  3 rats
55 creatures vanquished.

Notes
Turn   | Place    | Note
-------+----------+-------------------------------------------
     0 | D:1      | qw the Deep Elf Hunter began the quest for the Orb.
     0 | D:1      | Reached XP level 1. HP: 12/12 MP: 3/3
     0 | D:1      | 0 ||| qw: Version: 0.3-a-9-g12657ce
     0 | D:1      | 0 ||| qw: Game counter: 2770
     0 | D:1      | 0 ||| qw: Always use a shield: true
     0 | D:1      | 0 ||| qw: God list: Okawaru
     0 | D:1      | 0 ||| qw: Allow faded altars: false
     0 | D:1      | 0 ||| qw: Do Orc after D:15 true
     0 | D:1      | 0 ||| qw: Do second Lair branch before Depths: true
     0 | D:1      | 0 ||| qw: Lair rune preference: random
     0 | D:1      | 0 ||| qw: Plans: Normal
     0 | D:1      | 0 ||| PLANNING D:1-11
   210 | D:1      | Reached skill level 6 in Ranged Weapons
   210 | D:1      | Reached XP level 2. HP: 16/16 MP: 4/4
   656 | D:1      | Reached XP level 3. HP: 20/20 MP: 5/5
   677 | D:1      | Found Sacwate's One-of-a-Kind Rings.
   696 | D:1      | 696 ||| SHOPLISTING +2 ring of protection (130 gold, have
                  | 74).
   696 | D:1      | 696 ||| SHOPLISTING +3 ring of evasion (130 gold, have 74).
   696 | D:1      | 696 ||| SHOPLISTING +7 ring of protection (1345 gold, have
                  | 74).
   696 | D:1      | 696 ||| SHOPLISTING +8 ring of evasion (1014 gold, have
                  | 74).
   696 | D:1      | 696 ||| SHOPLISTING ring "Meenkez" {+Blink rN++ Will+++
                  | Int+6 Dex-2 Stlth+} (1132 gold, have 74).
   708 | D:1      | 708 ||| UPGRADING to +0 pair of boots.
   713 | D:1      | 713 ||| UPGRADING to +0 pair of gloves.
   718 | D:1      | 718 ||| READING scroll labelled DOAR HA YGY.
   719 | D:1      | 719 ||| DRINKING 2 glowing amethyst potions.
   720 | D:1      | 720 ||| DRINKING 2 red potions.
   721 | D:1      | 721 ||| DRINKING 2 coppery potions.
   825 | D:1      | 825 ||| DROPPING scroll of butterflies.
   826 | D:1      | 826 ||| DROPPING potion of berserk rage.
   996 | D:2      | Reached skill level 7 in Ranged Weapons
   996 | D:2      | HP: 3/20 [frozen (4)]
  1258 | D:2      | Found a runed translucent door.
  1259 | D:2      | Noticed Crazy Yiuf
  1422 | D:2      | 1422 ||| UPGRADING to +2 pair of boots of stealth.
  1432 | D:2      | 1432 ||| DROPPING +0 pair of boots.
  1433 | D:2      | 1433 ||| READING scroll labelled DYWEGO LAEMA.
  1434 | D:2      | 1434 ||| READING scroll labelled MOICUG EVOYKH.
  1435 | D:2      | 1435 ||| READING scroll labelled ITYLYD REDESH.
  1507 | D:2      | 1507 ||| READING scroll labelled WEINEQIDAC.
  1508 | D:2      | 1508 ||| DRINKING 2 sedimented silvery potions.
  1509 | D:2      | 1509 ||| DRINKING 2 sapphire potions.
  1510 | D:2      | 1510 ||| DROPPING potion of magic.
  1592 | D:3      | Found a blossoming altar of Fedhas.
  1666 | D:3      | Reached XP level 4. HP: 20/25 MP: 6/6
  1674 | D:3      | 1674 ||| FLEEEEING.
  1675 | D:3      | 1675 ||| FLEEEEING.
  1676 | D:3      | 1676 ||| FLEEEEING.
  1959 | D:3      | Reached skill level 8 in Ranged Weapons
  1977 | D:3      | HP: 5/25 [poisoned by a gnoll]
  1979 | D:3      | HP: 2/25 [poisoned by a gnoll]
  1980 | D:3      | Succumbed to a gnoll's poison

Levels and vault maps discovered:
D:1:      lightli_arrival_quake, layout_loops_ring, nicolae_shop_unique_rings
D:2:      layout_rooms, minmay_tetromino_t2, uniq_crazy_yiuf_cottage
D:3:      layout_basic, fedhas_altar_3, serial_shops, shop

Skill      XL: |  1  2  3  4 |
---------------+-------------+-----
Ranged Weapons | 6 7 8 |  8.3
Fighting       | |  1.5
Dodging        | |  2.4
Stealth        | |  1.2

Action                     |  1- 3 |  4- 6 || total
---------------------------+-------+-------++-------
   Fire: Shortbow          |   118 |    43 ||   161
    Use: Scroll            |     5 |       ||     5
         Potion            |     5 |       ||     5
 Armour: Leather armour    |    27 |     2 ||    29
  Dodge: Dodged            |    43 |     8 ||    51

Table legend:
 A = Non-vault XP
 B = Vault XP
 C = Vault XP percentage of total XP
 D = Non-vault monster count
 E = Vault monster count
 F = Vault count percentage of total count
                 A         B        C        D         E       F
            +---------+---------+-------+---------+---------+-------
      Total |     190 |       2 |   1.0 |      54 |       1 |   1.8
            +---------+---------+-------+---------+---------+-------
        D:1 |      43 |       0 |   0.0 |      25 |       0 |   0.0
        D:2 |      35 |       2 |   5.4 |       6 |       1 |  14.3
        D:3 |     112 |       0 |   0.0 |      23 |       0 |   0.0
            +---------+---------+-------+---------+---------+-------
